 Dungeon Crawl Stone Soup version 0.26.0-16-gc1dbca0489 (webtiles) character file.

Game seed: 15878863242252712830

18 EnegeticOcto the Vexing (level 2, -1/16 HPs)
             Began as a Vine Stalker Arcane Marksman on Jan 19, 2021.
             Killed from afar by a dart slug (4 damage)
             ... with a slug dart
             ... on level 2 of the Dungeon.
             The game lasted 00:00:33 (368 turns).

EnegeticOcto the Vexing (VSAM)                       Turns: 368, Time: 00:00:33

Health: -1/16      AC:  2    Str: 12    XL:     2   Next: 70%
Magic:  0/4        EV: 12    Int: 13    God:
Gold:   19         SH:  0    Dex: 14    Spells: 2/3 levels left

rFire    . . .     SeeInvis .   a - +0 hunting sling
rCold    . . .     Faith    .   (no shield)
rNeg     . . .     Spirit   +   e - +0 robe
rPois    .         Reflect  .   (no helmet)
rElec    .         Harm     .   (no cloak)
rCorr    .         Rampage  .   (no gloves)
Will     .....                  (no boots)
Stlth    +.........             (no amulet)
HPRegen  0.05/turn              (no ring)
MPRegen  0.09/turn              (no ring)

@: flying
A: fangs 2, magic shield, antimagic bite, no potion heal 3
a: no special abilities


You were on level 2 of the Dungeon.
You visited 1 branch of the dungeon, and saw 2 of its levels.

You collected 19 gold pieces.

Inventory:

Hand Weapons
 a - a +0 hunting sling (weapon)
Missiles
 d - 8 sling bullets (quivered ammo)
Armour
 e - a +0 robe (worn)
Jewellery
 b - a cursed -4 ring of protection {unknown}
   (You found it on level 1 of the Dungeon)


   Skills:
 + Level 2.3 Fighting
 - Level 1.7 Slings
 - Level 1.5 Dodging
 - Level 1.1 Spellcasting
 - Level 3.0 Hexes


You had 2 spell levels left.
You knew the following spells:

 Your Spells              Type           Power        Failure   Level
a - Corona                Hex            8%           9%          1

Your spell library contained the following spells:

 Spells                   Type           Power        Failure   Level
 Slow                     Hex            8%           12%         2
 Inner Flame              Hex/Fire       4%           41%         3
 Portal Projectile        Hex/Tloc       8%           41%         3
 Cause Fear               Hex            4%           63%         4
 Leda's Liquefaction      Hex/Erth       2%           83%         4


Dungeon Overview and Level Annotations

Branches:
Dungeon (1/15)

Altars:

Annotations:
D:2 Robin


Innate Abilities, Weirdness & Mutations

You have extremely sharp teeth.
When hurt, damage is shared between your health and your magic reserves.
Your bite disrupts and absorbs the magic of your enemies.
Potions cannot restore your health.


Message History

The goblin shouts!
A goblin comes into view. It is wielding a +0 club.
The goblin shouts!
A goblin comes into view. It is wielding a +0 dagger.
The goblin shouts!
A goblin comes into view. It is wielding a +0 dagger.
The goblin shouts!
A hobgoblin comes into view.
The hobgoblin shouts!
A goblin comes into view. It is wielding a +0 dagger.
The goblin shouts!
A hobgoblin comes into view. It is wielding a +0 club.
The hobgoblin shouts!
Robin of the Strong Arm comes into view.
They are wielding a +4 club.
Robin shouts!
You hear a shout!
Found a club and 29 sling bullets. 3 goblins come into view.
A goblin comes into view.
The goblin shouts! x2
A giant cockroach comes into view.
The goblin barely misses you. Robin throws the goblin at you!
Found 6 javelins.
The goblin hits you with a +0 club. The goblin misses you.
You aren't carrying any scrolls.
Robin throws the goblin at you!
Really attack while wielding your +0 hunting sling? [Y]es or [N]o only, please.
Really attack while wielding your +0 hunting sling? [Y]es or [N]o only, please.
Really attack while wielding your +0 hunting sling?
Okay, then.
It was a potion of flight.
You feel very buoyant.
You fly up into the air.
The goblin hits you but does no damage. The goblin hits you with a +0 club.
The goblin barely misses you.
Fire: 13 sling bullets
Press: ? - help, Q - select action, (/) - cycle Shift-Dir - straight line You shoot a sling bullet.
The sling bullet hits the goblin.
You kill the goblin!
The goblin hits you but does no damage. The goblin barely misses you.
The goblin hits you with a +0 club.
A hobgoblin comes into view.
The goblin barely misses you.
Robin says, "Feeling lonely?"
Robin roars a battlecry!
The goblins go into a battle-frenzy!
Found 14 bolts.
Things that are here:
a sling bullet; a +0 dagger
Found a robe.
A dart slug comes into view.
Found 8 gold pieces.
You see here 6 javelins.
A kobold comes into view. It is wielding a +0 club.
The kobold shouts!
You hear an angry hiss.
The kobold hits you but does no damage.
A leopard gecko comes into view.
The leopard gecko hisses angrily.
You hear a shout!
Fire: 12 sling bullets
Press: ? - help, Q - select action, (/) - cycle Shift-Dir - straight line, f - kobold
Aim: a kobold, wielding a +0 club You shoot a sling bullet.
The sling bullet barely misses the goblin.
The sling bullet hits the kobold.
You kill the kobold!
The goblin hits you with a +0 club.
Fire: 11 sling bullets
Press: ? - help, Q - select action, (/) - cycle Shift-Dir - straight line, f - goblin
Aim: a goblin, wielding a +0 club (strong)
You shoot a sling bullet.
The sling bullet closely misses the goblin.
The goblin barely misses you.
Fire: 10 sling bullets
Press: ? - help, Q - select action, (/) - cycle Shift-Dir - straight line, f - goblin, p - goblin
Aim: a goblin, wielding a +0 club (strong)
You shoot a sling bullet.
The sling bullet barely misses the goblin.
The sling bullet misses the goblin.
The goblin misses you. The dart slug launches a dart at you.
The slug dart hits you.
Fire: 9 sling bullets
Press: ? - help, Q - select action, (/) - cycle Shift-Dir - straight line, f/p - goblin
Aim: a goblin, wielding a +0 club (strong)
You shoot a sling bullet. The sling bullet hits the goblin.
You kill the goblin!
The goblin unwields a +0 dagger.
The goblin wields a +0 hunting sling.
The goblin shoots a stone.
The stone barely misses you.
The goblin no longer looks unusually strong.
The dart slug launches a dart at you. The slug dart misses you.
The goblin hits you with a +0 club.
* * * LOW HITPOINT WARNING * * *
The goblin hits you with a +0 club.
* * * LOW HITPOINT WARNING * * *
The goblin no longer looks unusually strong.
The goblin misses you. The dart slug launches a dart at you.
The slug dart hits you.
You die...

#. #. #.#### ....
.# #####.### [#
#gg....(# g#
#g##.g..##.#
#@##.....#.####.
#.##...#.....$..
#w###...g..##
#gg.....#g########
#########.##.....#
#g##g....#
#gg.g....#
#####gg#.g...#
.......g......#


You could see a dart slug and 5 goblins.

Vanquished Creatures
  A dart slug (D:1)
  A bat (D:1)
  8 goblins
  A frilled lizard (D:1)
  2 kobolds
  2 rats (D:1)
15 creatures vanquished.

Notes
Turn   | Place    | Note
-------+----------+-------------------------------------------
     0 | D:1      | EnegeticOcto the Vine Stalker Arcane Marksman began the
                  | quest for the Orb.
     0 | D:1      | Reached XP level 1. HP: 9/9 MP: 3/3
     7 | D:1      | Reached skill level 1 in Fighting
   174 | D:1      | Reached XP level 2. HP: 15/15 MP: 4/4
   196 | D:1      | Reached skill level 2 in Fighting
   342 | D:1      | You fall into a shaft and drop 1 floor!
   342 | D:2      | Noticed Robin
   368 | D:2      | Killed from afar by a dart slug

Illustrated notes

Levels and vault maps discovered:
D:1:      lightli_arrival_chessboard, layout_loops_ring,
          minmay_misc_feat_enclosed
D:2:      layout_loops_cross, dancing_weapons_uskayaw, lemuel_crystal_altar,
          minmay_quantized, uniq_robin

Skill      XL: |  1  2 |
---------------+-------+-----
Fighting       | 1 2 |  2.3
Slings         | |  1.7
Dodging        | |  1.5
Spellcasting   | |  1.1
Hexes          | |  3.0

Action                   || total
-------------------------++-------
 Fire: Hunting sling     ||    38
  Use: Potion            ||     1
Armor: Robe              ||     6
Dodge: Dodged            ||    13
